 Dungeon Crawl Stone Soup version 0.31-a0-1308-ga3cce3a448 (webtiles) character file.

Game seed: 7846354029924300726

43204 Sobieck the Eclecticist (level 13, -1/72 HPs)
             Began as a Deep Elf Conjurer on Dec 19, 2023.
             Was a High Priest of Vehumet.
             Slain by a wolf (6 damage)
             ... on level 5 of the Lair of Beasts.
             The game lasted 00:59:32 (19953 turns).

Sobieck the Eclecticist (Deep Elf Conjurer)        Turns: 19953, Time: 00:59:33

Health: -1/72      AC:  8    Str:  7    XL:     13   Next: 89%
Magic:  48/48      EV: 16    Int: 35    God:    Vehumet [*****.]
Gold:   483        SH:  0    Dex: 13    Spells: 36/52 levels left

rFire   . . .        g - +2 long sword "Earthworm" {venom, rElec rN+ Str+3}
rCold   . . .        (no shield)
rNeg    + . .        a - +0 robe
rPois   .            j - +2 helmet {SInv}
rElec   +            E - +1 cloak
rCorr   .            C - +0 pair of gloves
SInv    +            (no boots)
Will    +....        R - amulet of magic regeneration
Stlth   +++          i - ring of magical power
HPRegen 0.32/turn    h - +6 ring of intelligence
MPRegen 0.71/turn

%: no passive effects
@: hasted, very quick
A: no striking features
a: Renounce Religion


You were on level 5 of the Lair of Beasts.
You worshipped Vehumet.
Vehumet was extremely pleased with you.
You visited 3 branches of the dungeon, and saw 17 of its levels.
You also visited: Ossuary.

You collected 1099 gold pieces.
You spent 616 gold pieces at shops.

Inventory:

Hand Weapons
 g - the +2 long sword "Earthworm" (weapon) {venom, rElec rN+ Str+3}
   (You took it off an orc on level 7 of the Dungeon)

   Str+3:     It affects your strength (+3).
   rElec:     It insulates you from electricity.
   rN+:       It protects you from negative energy.
Missiles
 k - 23 poisoned darts
 J - 6 atropa-tipped darts
 Z - 2 throwing nets
Armour
 a - a +0 robe (worn)
 j - a +2 helmet of see invisible (worn)
 n - a scarf of shadows
 o - a +0 tower shield
 t - the +4 ring mail of the Spider Nest {rF+ Stlth+}
   (You found it on level 9 of the Dungeon)

   rF+:       It protects you from fire.
   Stlth+:    It makes you more stealthy.
 C - a +0 pair of gloves (worn)
 D - a +2 hat
 E - a +1 cloak (worn)
 F - a +0 buckler
 M - a +0 buckler
 W - a +0 buckler
Jewellery
 e - a ring of fire
 h - a +6 ring of intelligence (right hand)
 i - a ring of magical power (left hand)
 r - a ring of magical power
 s - a ring of see invisible
 w - a +6 ring of strength
 A - a +6 ring of dexterity
 R - an amulet of magic regeneration (around neck)
Wands
 f - a wand of mindburst (18)
 q - a wand of light (7)
 y - a wand of roots (9)
 B - a wand of polymorph (3)
 P - a wand of paralysis (18)
 V - a wand of flame (11)
Scrolls
 b - 2 scrolls of blinking
 l - 2 scrolls of immolation
 u - a scroll of poison
 G - a scroll of brand weapon
 I - a scroll of vulnerability
 K - a scroll of fog
 L - a scroll of amnesia
 O - a scroll of revelation
 T - 4 scrolls of teleportation
 U - a scroll of fear
 X - 2 scrolls of acquirement {unknown}
Potions
 c - a potion of ambrosia
 d - a potion of lignification
 m - 4 potions of enlightenment
 p - a potion of might
 v - 3 potions of attraction
 x - a potion of magic
 z - a potion of resistance
 H - a potion of haste
 N - 2 potions of heal wounds
 Q - 4 potions of curing
 S - a potion of cancellation


   Skills:
 - Level 5.0 Fighting
 - Level 10.0 Dodging
 - Level 5.0 Stealth
 - Level 20.0 Spellcasting
 - Level 12.0 Conjurations
 - Level 9.0 Hexes
 - Level 4.0 Translocations
 + Level 9.9 Fire Magic


You had 36 spell levels left.
You knew the following spells:

 Your Spells              Type           Power      Damage    Failure   Level
a - Magic Dart            Conj           100%       1d8       0%          1
b - Searing Ray           Conj           100%       2d8       0%          2
c - Fulminant Prism       Conj/Hex       41%        3d19      1%          4
d - Iskenderun's Mystic   Conj/Tloc      74%        2d15      1%          4
e - Fireball              Conj/Fire      42%        3d17      1%          5

Your spell library contained the following spells:

 Spells                   Type           Power      Damage    Failure   Level
 Apportation              Tloc           100%       N/A       1%          1
 Jinxbite                 Hex            100%       N/A       1%          2
 Dazzling Flash           Conj/Hex       100%       N/A       1%          3
 Stone Arrow              Conj/Erth      100%       3d13      1%          3
 Animate Armour           Summ/Erth      70%        N/A       9%          4
 Summon Lightning Spire   Summ/Air       35%        N/A       9%          4
 Alistair's Intoxication  Tmut/Pois      23%        N/A       24%         5


Dungeon Overview and Level Annotations

Branches:
Dungeon (11/15)            Temple (1/1) D:6            Lair (5/5) D:9
 Shoals (0/4) Lair:3        Snake (0/4) Lair:2          Orc (0/2) D:9
Ossuary (visited)
  Slime: Lair:4-5

Altars:
Ashenzari
Cheibriados
Dithmenos
Elyvilon
Fedhas
Gozag
Hepliaklqana
Kikubaaqudgha
Makhleb
Nemelex Xobeh
Okawaru
Qazlal
Ru
Sif Muna
Trog
Uskayaw
Vehumet
Wu Jian
Xom
Yredelemnul
Zin
The Shining One

Shops:
D:5 (   D:6 =(

Annotations:
D:3 1 runed translucent door, Crazy Yiuf
D:7 exclusion: boulder beetle
D:9 1 runed translucent door
D:11 exclusion: boulder beetle
Lair:4 exclusion: downstairs


Message History

* * * LOW HITPOINT WARNING * * *
The cane toad misses you. The water moccasin barely misses you.
Unknown command.
Blink to where?
Press: ? - help, Dir - move target
As you read the scroll of blinking, it crumbles to dust.
You feel yourself speed up.
You feel yourself speed up.
Unknown command.
You are too injured to fight recklessly!
Unknown command.
Casting: Fireball (safe; 1% risk of failure)
Confirm with . or Enter, or press ? or * to list all spells.
Aiming: Fireball (safe; 1% risk of failure)
Press: ? - help, Shift-Dir - straight line, f - water moccasin
Aim: a water moccasin The fireball explodes!
The fireball engulfs the water moccasin!!
The water moccasin is almost dead.
The fireball engulfs the yak!!
The yak is heavily wounded.
You hear a bleat!
You hear a trumpeting!
You hear a bellow!
You hear a trumpeting! x2; You hear an angry hiss.
You hear a bellow! x2
You hear an angry hiss.
You hear a trumpeting!
A yak comes into view.
Casting: Fireball (safe; 1% risk of failure)
Confirm with . or Enter, or press ? or * to list all spells.
Aiming: Fireball (safe; 1% risk of failure)
Press: ? - help, Shift-Dir - straight line, f - yak, p - water moccasin
Aim: a yak (heavily wounded)
Okay, then.
Unknown command.
The elephant trumpets!
A water moccasin comes into view.
The elephant tramples you!
* * * LOW HITPOINT WARNING * * *
You hold your ground!
The elephant misses you.
The wolf howls!
The water moccasin misses you.
The elephant trumpets!
The wolf attacks as it pursues you! The wolf closely misses you.
The wolf attacks as it pursues you! The wolf misses you.
The wolf bites you but does no damage. The wolf bites you!
* * * LOW HITPOINT WARNING * * *
The elephant trumpets!
The wolf attacks as it pursues you! The wolf closely misses you.
The yak bellows!
The wolf attacks as it pursues you! The wolf bites you.
You die...

............#.8....# #
...........##...###....
..........##.YY....##...
.........#........... ..
........S#.Y.........##.
.......#...††.... ..Y.##
.......#...###.8. #Y...
......##h.## . #.F.#
.......@..# #...
..#.#..<.8# #8Y<
##......# #..Y #.##.#..#
#Y.Y # ..#.Y.. #...Y
#####...# #Y.S#. .....
....#.. ##..Y. ..Y.. ..
#... ...## ..


You could see 3 elephants, 2 yaks, a water moccasin and a wolf.

Vanquished Creatures
  Rupert (Lair:4)
  Josephine (D:10)
  A rakshasa (D:8)
  4 hydras
  A catoblepas (Lair:4)
  A centaur warrior (D:11)
  2 boulder beetles
  2 two-headed ogres
  3 death yaks (Lair:2)
  Pikel (D:7)
  2 ugly things (D:11)
  A salamander (Lair:2)
  A deep elf pyromancer (D:11)
  A cyclops (D:11)
  Maurice (D:10)
  6 elephants (Lair:2)
  2 merfolk sirens (Lair:3)
  6 black mambas
  A gargoyle (D:11)
  13 cane toads
  A kobold demonologist (D:11)
  A rime drake (Lair:3)
  An efreet (D:11)
  4 komodo dragons
  A merfolk (Lair:3)
  3 trolls
  4 blink frogs (Lair:4)
  3 dream sheep (Lair:5)
  27 yaks
  6 wraiths
  8 spriggans (Lair:1)
  2 shadows
  5 wyverns
  6 basilisks
  A steam dragon (D:8)
  3 nagas (Lair:2)
  Edmund (D:5)
  5 orc warriors
  19 water moccasins
  A sky beast (D:8)
  3 ice beasts
  5 black bears
  3 ogres
  26 wolves
  3 centaurs
  A lemure (D:7)
  2 kobold brigands
  12 bullfrogs
  A gnoll sergeant (D:10)
  Blork the orc (D:6)
  4 water moccasin zombies (Ossuary)
  8 wights
  7 killer bees
  5 howler monkeys
  3 jellies
  2 hounds
  8 orc priests
  A spectral scorpion (Ossuary)
  A gnoll bouda (D:6)
  Natasha (thrice) (D:3)
  6 iguanas
  11 orc wizards
  A crocodile zombie (Ossuary)
  3 mummies
  Robin (D:1)
  5 gnolls (D:10)
  7 adders
  7 river rats (D:5)
  2 shadow imps
  A white imp (D:5)
  4 adder zombies (Ossuary)
  A worm (D:2)
  A dart slug (D:1)
  33 orcs
  5 ball pythons
  8 endoplasms
  10 giant cockroaches
  7 hobgoblins
  9 quokkas
  5 bats
  2 frilled lizards
  3 gnoll zombies (Ossuary)
  19 goblins
  9 hobgoblin zombies (Ossuary)
  9 kobolds
  5 kobold zombies (Ossuary)
  An orc zombie (Ossuary)
  13 rats
  A fulminant prism (Lair:2)
441 creatures vanquished.

Vanquished Creatures (others)
  292 fulminant prisms
292 creatures vanquished.

Grand Total: 733 creatures vanquished

Notes
Turn   | Place    | Note
-------+----------+-------------------------------------------
     0 | D:1      | Sobieck the Deep Elf Conjurer began the quest for the Orb.
     0 | D:1      | Reached XP level 1. HP: 10/10 MP: 6/6
    90 | D:1      | Found a faded altar of an unknown god.
   202 | D:1      | Reached skill level 1 in Hexes
   249 | D:1      | Reached XP level 2. HP: 15/15 MP: 6/8
   291 | D:1      | Learned a level 2 spell: Searing Ray
   651 | D:1      | Reached XP level 3. HP: 19/19 MP: 2/10
  1313 | D:2      | Reached skill level 4 in Spellcasting
  1619 | D:2      | Noticed Robin
  1621 | D:2      | Reached XP level 4. HP: 21/24 MP: 2/12
  1715 | D:1      | Killed Robin
  2447 | D:3      | Reached skill level 3 in Hexes
  2553 | D:3      | Reached XP level 5. HP: 28/28 MP: 11/14
  2741 | D:3      | Found a stormy altar of Qazlal.
  2757 | D:3      | Found an opulent altar of Gozag.
  3025 | D:3      | Noticed Natasha
  3029 | D:3      | Killed Natasha
  3030 | D:3      | Reached skill level 5 in Spellcasting
  3170 | D:3      | Noticed Natasha
  3173 | D:3      | Killed Natasha
  3288 | D:3      | Found a runed translucent door.
  3289 | D:3      | Noticed Crazy Yiuf
  3305 | D:3      | Noticed Natasha
  3312 | D:3      | Killed Natasha
  3539 | D:4      | Found a shadowy altar of Dithmenos.
  3725 | D:4      | Reached XP level 6. HP: 32/32 MP: 4/16
  4009 | D:4      | Found an ornate altar of the Wu Jian Council.
  4461 | D:5      | Entered Level 5 of the Dungeon
  4671 | D:5      | Reached skill level 6 in Conjurations
  4772 | D:5      | Reached skill level 6 in Spellcasting
  4991 | D:5      | Learned a level 4 spell: Fulminant Prism
  4996 | D:5      | Learned a level 4 spell: Iskenderun's Mystic Blast
  5028 | D:5      | Got Sossimer's Thoughts on United Talus
  5049 | D:5      | Reached XP level 7. HP: 36/36 MP: 11/18
  5150 | D:5      | Reached skill level 7 in Spellcasting
  5175 | D:5      | Found Qileawka's Antique Weapon Boutique.
  5194 | D:5      | Reached skill level 6 in Hexes
  5234 | D:5      | Noticed Edmund
  5675 | D:5      | Killed Edmund
  5789 | D:5      | Reached XP level 8. HP: 39/41 MP: 16/21
  6091 | D:5      | Reached skill level 8 in Spellcasting
  6607 | D:5      | Found a glowing golden altar of the Shining One.
  6696 | D:6      | Found Acvetamo's Jewellery Shoppe.
  6701 | D:6      | Bought a ring of magical power for 220 gold pieces
  6791 | D:6      | Found an ancient bone altar of Kikubaaqudgha.
  6929 | D:6      | Noticed Blork the orc
  6935 | D:6      | Killed Blork the orc
  6979 | D:6      | Found a staircase to the Ecumenical Temple.
  6988 | Temple   | Entered the Ecumenical Temple
  7002 | Temple   | Became a worshipper of Vehumet
  7076 | D:6      | Found a bloodstained altar of Trog.
  7166 | D:6      | Reached skill level 9 in Spellcasting
  7399 | D:6      | Found Ylise's Weapon Emporium.
  7710 | D:7      | Reached XP level 9. HP: 45/45 MP: 24/24
  7728 | D:7      | Identified the +2 long sword "Earthworm" {venom, rElec rN+
                  | Str+3}
  7780 | D:7      | Found a sand-covered staircase.
  7839 | Ossuary  | Entered an ossuary
  7857 | Ossuary  | Reached * piety under Vehumet
  7857 | Ossuary  | Offered knowledge of Foxfire by Vehumet.
  7860 | Ossuary  | Reached skill level 9 in Hexes
  8016 | Ossuary  | Reached skill level 10 in Spellcasting
  8016 | Ossuary  | Reached skill level 9 in Conjurations
  8260 | D:7      | Offered knowledge of Poisonous Vapours by Vehumet.
  8270 | D:7      | Reached ** piety under Vehumet
  8294 | D:7      | Reached skill level 11 in Spellcasting
  8561 | D:7      | Found an iron altar of Okawaru.
  8746 | D:7      | Noticed Pikel
  8762 | D:7      | Killed Pikel
  8763 | D:7      | Reached skill level 1 in Fighting
  8763 | D:7      | Reached skill level 3 in Dodging
  8763 | D:7      | Reached skill level 3 in Stealth
  8763 | D:7      | Reached skill level 1 in Translocations
  9145 | D:8      | Noticed a two-headed ogre
  9153 | D:8      | Killed a two-headed ogre
  9154 | D:8      | Reached XP level 10. HP: 53/53 MP: 27/27
  9156 | D:8      | Noticed a rakshasa
  9175 | D:8      | Noticed a boulder beetle
  9175 | D:8      | Killed a rakshasa
  9176 | D:8      | Reached skill level 3 in Translocations
  9540 | D:8      | Reached skill level 12 in Spellcasting
  9928 | D:8      | Found a white marble altar of Elyvilon.
 10169 | D:8      | Found a sacrificial altar of Ru.
 10329 | D:9      | Noticed a sixfirhy
 10329 | D:9      | Found a runed translucent door.
 10336 | D:9      | Reached skill level 3 in Fighting
 10341 | D:9      | Offered knowledge of Scorch by Vehumet.
 10456 | D:9      | Found a burning altar of Makhleb.
 10498 | D:9      | Reached skill level 6 in Dodging
 10518 | D:9      | Reached *** piety under Vehumet
 10556 | D:9      | Reached XP level 11. HP: 60/60 MP: 27/29
 10806 | D:9      | Found a staircase to the Lair.
 10866 | D:9      | Found a broken altar of Ashenzari.
 10936 | D:9      | Found a staircase to the Orcish Mines.
 10946 | D:9      | Identified the +4 ring mail of the Spider Nest {rF+ Stlth+}
 10987 | D:9      | Found a hazy altar of Hepliaklqana.
 11048 | D:9      | Found a sparkling altar of Nemelex Xobeh.
 11100 | D:9      | Found a bloodstained altar of Trog.
 11341 | D:10     | Entered Level 10 of the Dungeon
 11408 | D:10     | Noticed Maurice
 11431 | D:10     | Killed Maurice
 11511 | D:10     | Found a shimmering altar of Xom.
 11515 | D:10     | Noticed a two-headed ogre
 11549 | D:10     | Killed a two-headed ogre
 11550 | D:10     | Reached skill level 13 in Spellcasting
 11584 | D:10     | Offered knowledge of Volatile Blastmotes by Vehumet.
 11774 | D:10     | Noticed Josephine
 11783 | D:10     | Killed Josephine
 12381 | D:11     | Noticed a brown ugly thing
 12389 | D:11     | Killed a brown ugly thing
 12729 | D:11     | Reached **** piety under Vehumet
 12852 | D:11     | Reached skill level 14 in Spellcasting
 12858 | D:11     | Noticed a deep elf pyromancer
 12863 | D:11     | Killed a deep elf pyromancer
 12937 | D:11     | Noticed a brown ugly thing
 12946 | D:11     | Killed a brown ugly thing
 12947 | D:11     | Reached skill level 9 in Dodging
 12947 | D:11     | Reached skill level 12 in Conjurations
 13008 | D:11     | Noticed a centaur warrior
 13024 | D:11     | Killed a centaur warrior
 13236 | D:11     | Reached XP level 12. HP: 68/68 MP: 32/32
 13324 | D:11     | Noticed a boulder beetle
 13353 | D:11     | Killed a boulder beetle
 13653 | D:11     | Noticed a boulder beetle
 13794 | Lair:1   | Entered Level 1 of the Lair of Beasts
 13872 | Lair:1   | Offered knowledge of Flame Wave by Vehumet.
 13888 | Lair:1   | Reached skill level 15 in Spellcasting
 13894 | Lair:1   | Noticed a boulder beetle
 14230 | D:9      | Killed a boulder beetle
 14523 | D:6      | Bought a +6 ring of intelligence for 396 gold pieces
 14968 | Lair:1   | You fall into a shaft and drop 1 floor!
 14968 | Lair:2   | Noticed a death yak
 14968 | Lair:2   | Noticed a death yak
 14968 | Lair:2   | Noticed a death yak
 14980 | Lair:2   | Killed a death yak
 14980 | Lair:2   | Killed a death yak
 14981 | Lair:2   | Reached skill level 16 in Spellcasting
 15110 | Lair:2   | Reached skill level 17 in Spellcasting
 15302 | Lair:2   | Reached skill level 18 in Spellcasting
 15375 | Lair:3   | Noticed an eight-headed hydra
 15766 | Lair:1   | Reached XP level 13. HP: 72/72 MP: 35/37
 15963 | Lair:1   | Reached skill level 19 in Spellcasting
 16648 | Lair:2   | Reached ***** piety under Vehumet
 16686 | Lair:2   | Offered knowledge of Fireball by Vehumet.
 16693 | Lair:2   | Learned a level 5 spell: Fireball
 16799 | Lair:2   | Found a staircase to the Snake Pit.
 17213 | Lair:3   | Reached skill level 20 in Spellcasting
 17213 | Lair:3   | Reached skill level 1 in Fire Magic
 17313 | Lair:3   | Reached skill level 3 in Fire Magic
 18362 | Lair:3   | Found a staircase to the Shoals.
 18367 | Lair:3   | Reached skill level 6 in Fire Magic
 18927 | Lair:4   | Noticed Rupert
 18938 | Lair:4   | Killed Rupert
 19704 | Lair:5   | Entered Level 5 of the Lair of Beasts
 19707 | Lair:5   | Reached skill level 9 in Fire Magic
 19947 | Lair:5   | HP: 3/72 [wolf (8)]
 19953 | Lair:5   | Slain by a wolf

Illustrated notes

Levels and vault maps discovered:
D:1:      dpeg_arrival_three_smaller_balls, layout_basic,
          shapermc_ecumenical_altar_starsandcircs
D:2:      minmay_roachtagon, layout_basic, minmay_misc_feat_hallway,
          minivault_24, uniq_robin
D:3:      layout_loops_cross, marbit_many_paths, grunt_gozag_statues,
          minmay_door_square, chequers_serial_rivers_room_a,
          uniq_crazy_yiuf_cottage, uniq_natasha
D:4:      layout_cave_pods, nicolae_wu_jian_immortal_techniques,
          nicolae_dithmenos_the_darkroom
D:5:      lemuel_ratsnest, layout_basic, tso_altar, serial_shops, shop,
          uniq_edmund
D:6:      layout_basic, mainiacjoe_overflow_alcove_1, trog_three_pillars_becter,
          minmay_temple_entry_purple_smoke, serial_shops, shop,
          kennysheep_windowed_goal, uniq_blork_the_orc
D:7:      layout_loops_corners, mainiacjoe_overflow_catwalk,
          gup_ossuary_entry_pyramid, uniq_pikel
D:8:      layout_cave_pools, nicolae_ru_the_path_less_chosen,
          lemuel_crystal_altar
D:9:      cheibrodos_shockbox, layout_rooms, ashenzari_conservatory_becter,
          kennysheep_mini_moat, mainiacjoe_overflow_concentric_impassable,
          minmay_lair_entry_grove, orc_0_dummy, hangedman_feature_mirror
D:10:     layout_long_grid, mainiacjoe_overflow_small_starburst, uniq_maurice,
          uniq_josephine
D:11:     minmay_blocky_corners, layout_rooms, hangedman_decor_push
Temple:   nicolae_temple_colour_theory
Lair:1:   kb_forest_paths, layout_cave_shapes, portal_ice_cave_entry_pillars_1,
          grunt_megastairs_1
Lair:2:   layout_long_grid, alex1729_snake_entry_snake
Lair:3:   layout_gridlike, elwin_shoals_entry_rooms, infiniplex_staircase_pool_2
Lair:4:   layout_cave_pods, uniq_rupert
Lair:5:   evil_forest, layout_hall_layers, nicolae_slime_entry_slimehenge,
          hibernation_bobbens, lemuel_fruit_tree, grunt_megastairs_5,
          serial_bayou_shore_b

Skill      XL: |  1  2  3  4  5  6  7  8  9 10 11 12 13 |
---------------+----------------------------------------+-----
Hexes          | 1 2 3 4 5 6 8 9 |  9.0
Spellcasting   | 4 5 6 7 9 11 12 14 18 20 | 20.0
Conjurations   | 5 6 7 8 9 10 12 | 12.0
Fighting       | 1 3 5 |  5.0
Dodging        | 4 6 9 10 | 10.0
Stealth        | 4 5 |  5.0
Translocations | 2 4 |  4.0
Fire Magic     | 9 |  9.9

Action                     |  1- 3 |  4- 6 |  7- 9 | 10-12 | 13-15 || total
---------------------------+-------+-------+-------+-------+-------++-------
  Melee: Long sword        |       |       |       |     1 |       ||     1
  Throw: Dart              |       |       |       |    19 |       ||    19
   Cast: Magic Dart        |    81 |    70 |    28 |     2 |       ||   181
         Searing Ray       |     2 |    21 |    17 |     2 |       ||    42
         Fulminant Prism   |       |       |    80 |   175 |    38 ||   293
         Iskenderun's Myst |       |       |     2 |   102 |    13 ||   117
         Fireball          |       |       |       |       |    98 ||    98
  Evoke: Wand              |       |       |       |     3 |       ||     3
    Use: Scroll            |       |     9 |     8 |     8 |     5 ||    30
         Potion            |       |       |       |     5 |     3 ||     8
 Armour: Robe              |     8 |    28 |    17 |    76 |    20 ||   149
  Dodge: Dodged            |     7 |    24 |    21 |    43 |    19 ||   114

Table legend: (Time is in decaauts)
 A = Elapsed time spent in this place.
 B = Non-inter-level travel time spent in this place.
 C = Inter-level travel time spent in this place.
 D = Time resting spent in this place.
 E = Time spent auto-exploring this place.
 F = Levels seen in this place.
 G = Mean time per level.
                   A        B        C        D        E       F      G
               +--------+--------+--------+--------+--------+-----+--------+
         Total |  20000 |  18936 |   1064 |   4892 |  10106 |  18 | 1111.1 |
       Dungeon |  14448 |  13590 |    858 |   3518 |   7249 |  11 | 1313.5 |
        Temple |     28 |     14 |     14 |      0 |      0 |   1 |   28.0 |
          Lair |   5255 |   5064 |    191 |   1250 |   2857 |   5 | 1051.0 |
       Ossuary |    267 |    267 |      0 |    124 |      0 |   1 |  267.0 |
               +--------+--------+--------+--------+--------+-----+--------+

Top non-repeatable levels by time:
     D:5: 1915 daAuts
     D:7: 1818 daAuts
  Lair:3: 1439 daAuts
  Lair:1: 1392 daAuts
    D:10: 1374 daAuts
  Lair:4: 1354 daAuts
    D:11: 1321 daAuts
     D:1: 1271 daAuts
     D:6: 1265 daAuts
     D:4: 1255 daAuts
     D:3: 1136 daAuts
     D:2: 1128 daAuts
  Lair:2: 1012 daAuts
     D:8: 988 daAuts
     D:9: 973 daAuts
